 Dungeon Crawl Stone Soup version 0.30-a0-782-ge64f9170bb (webtiles) character file.

Game seed: 8679831723274173729

79 gyole the Grasshopper (level 4, -1/45 HPs)
             Began as an Ogre Warper on Feb 20, 2023.
             Splashed by Terence the jelly's acid (8 damage)
             ... on level 3 of the Dungeon.
             The game lasted 00:06:13 (2456 turns).

gyole the Grasshopper (Ogre Warper)                 Turns: 2456, Time: 00:06:13

Health: -1/45      AC: -5    Str: 15    XL:     4   Next: 37%
Magic:  0/8        EV:  9    Int: 16    God:
Gold:   62         SH:  0    Dex:  8    Spells: 1/9 levels left

rFire   . . .      SeeInvis .    a - +0 mace
rCold   . . .      Faith    .    (no shield)
rNeg    . . .      Spirit   +    b - +0 robe
rPois   +          Reflect  .    (helmet restricted)
rElec   .          Harm     .    (no cloak)
rCorr   .          Rampage  .    (gloves unavailable)
Will    .....                    (boots unavailable)
Stlth   +                        m - amulet of guardian spirit
HPRegen 0.27/turn                (no ring)
MPRegen 0.11/turn                (no ring)

@: corroded, on blink cooldown
A: large, unfitting armour, tough skin 1, horns 1, poison resistance, screaming
1
a: no special abilities


You were on level 3 of the Dungeon.
You visited 1 branch of the dungeon, and saw 3 of its levels.

You collected 62 gold pieces.

Inventory:

Hand Weapons
 a - a +0 mace (weapon)
Missiles
 d - a boomerang of dispersal (quivered)
Armour
 b - a +0 robe (worn)
 e - the +0 robe of Miocen {rC- rN+ Int+4}
   (You found it on level 2 of the Dungeon)

   Int:       It affects your intelligence (+4).
   rC:        It makes you vulnerable to cold.
   rN:        It protects you from negative energy.
Jewellery
 l - a ring of ice
 m - an amulet of guardian spirit (around neck)
Wands
 f - a wand of polymorph (8)
Scrolls
 c - a scroll of blinking
 g - 6 scrolls of fear {unknown}
 h - a scroll of identify {unknown}
 j - a scroll of amnesia {unknown}
Potions
 i - a potion of degeneration {unknown}
 k - 2 potions of flight
 n - 2 potions of attraction {unknown}
 o - a potion of might {unknown}


   Skills:
 + Level 3.3 Fighting
 * Level 2.6 Maces & Flails
 - Level 1.0 Throwing
 + Level 2.1 Dodging
 + Level 3.0 Spellcasting
 * Level 3.5 Translocations
 * Level 0.1 Air Magic


You had one spell level left.
You knew the following spells:

 Your Spells              Type           Power      Damage    Failure   Level
a - Blink                 Tloc           26%        N/A       7%          2
b - Teleport Other        Tloc           13%        N/A       13%         3
c - Vhi's Electric Charg  Tloc/Air       16%        N/A       26%         3

Your spell library contained the following spells:

 Spells                   Type           Power      Damage    Failure   Level
 Necrotise                Necr           8%         1d4       19%         1
 Lesser Beckoning         Tloc           26%        N/A       7%          2
 Manifold Assault         Tloc           13%        N/A       41%         4
 Vampiric Draining        Necr           2%         2d6       50%         3
 Agony                    Necr           2%         N/A       99%         5


Dungeon Overview and Level Annotations

Branches:
Dungeon (3/15)

Altars:

Annotations:
D:3 Terence


Innate Abilities, Weirdness & Mutations

You are too large for most types of armour.
You have tough skin. (AC +1)
You have a pair of small horns on your head.
Your system is resistant to poisons. (rPois)
You occasionally shout uncontrollably at your foes.


Message History

Aim: Terence, wielding a +0 falchion and wearing a +0 scale mail of fire resistance (will become a kobold, a ball python, or a jelly, chance to affect: 57%) Terence evaporates and reforms as a jelly!
Unknown command.
Terence barely misses you.
You hit Terence. The acid corrodes you!
Your hands burn!
You headbutt Terence, but do no damage.
Terence is lightly wounded.
Terence hits you.
You are splashed with acid!
Terence jiggles.
Terence closely misses you.
You barely miss Terence.
Terence is lightly wounded.
Terence closely misses you.
You hit Terence.
Your hands burn!
Terence is lightly wounded.
Terence jiggles.
Terence hits you.
You are splashed with acid!
You hit Terence.
Your hands burn!
Your headbutt misses Terence.
Terence is heavily wounded.
Terence barely misses you.
You hit Terence.
Your hands burn!
You headbutt Terence.
Terence is severely wounded.
Terence hits you. The acid corrodes you!
You are splashed with acid!
* * * LOW HITPOINT WARNING * * *
Terence closely misses you.
Unknown command.
Cast which spell? (? or * to list)
You blink.
Casting: Blink (safe; 7% risk of failure)
Confirm with . or Enter, or press ? or * to list all spells.
You don't have enough magic to cast this spell.
Unknown command.
Okay, then.
You barely miss Terence. You headbutt Terence, but do no damage.
Terence is severely wounded.
Terence jiggles.
Terence hits you.
* * * LOW HITPOINT WARNING * * *
You are splashed with acid!
You die...

#.#.# #..# .# #.#.#
#..#..#
#.#.######..#..###
#.#..##...........
#.#.#.#.##..#..##
#..###..##..#..#
#.#.#.####..#..# #
#.#..#####.J#..#
#####...........@..#
)..........######.##
##########.# .# # .#
.. # ###


You could see Terence the jelly.

Vanquished Creatures
  An adder (D:2)
  A worm (D:2)
  A dart slug (D:1)
  2 orcs (D:3)
  4 bats
  11 endoplasms
  3 goblins
  8 hobgoblins
  2 jackals (D:2)
  A quokka (D:2)
  11 ball pythons
  5 frilled lizards
  3 kobolds
  3 rats
56 creatures vanquished.

Notes
Turn   | Place    | Note
-------+----------+-------------------------------------------
     0 | D:1      | gyole the Ogre Warper began the quest for the Orb.
     0 | D:1      | Reached XP level 1. HP: 22/22 MP: 3/3
    85 | D:1      | Reached XP level 2. HP: 25/29 MP: 3/5
   476 | D:1      | Reached XP level 3. HP: 37/37 MP: 7/7
   913 | D:2      | Learned a level 2 spell: Blink
  1477 | D:2      | Learned a level 3 spell: Teleport Other
  1613 | D:2      | Gained mutation: You occasionally shout uncontrollably at
                  | your foes. [potion of mutation]
  1613 | D:2      | Gained mutation: Your system is resistant to poisons.
                  | (rPois) [potion of mutation]
  1613 | D:2      | Gained mutation: You have a pair of small horns on your
                  | head. [potion of mutation]
  1614 | D:2      | HP: 1/37 [poisoned by an adder]
  1796 | D:2      | Identified the +0 robe of Miocen {rC- rN+ Int+4}
  1812 | D:2      | Reached XP level 4. HP: 33/45 MP: 6/8
  1997 | D:2      | Learned a level 3 spell: Vhi's Electric Charge
  2446 | D:3      | Noticed Terence
  2447 | D:3      | Terence changed into Terence the jelly
  2447 | D:3      | Noticed Terence
  2456 | D:3      | Splashed by Terence the jelly's acid

Illustrated notes

Levels and vault maps discovered:
D:1:      dpeg_arrival_erosion, layout_loops_ring, hex_medium
D:2:      layout_basic
D:3:      minmay_spotlight, layout_loops_ring, serial_bayou_pond_e, uniq_terence

Skill      XL: |  1  2  3 |
---------------+----------+-----
Maces & Flails | 2 |  2.6
Translocations | 3 |  3.5
Fighting       | 3 |  3.3
Spellcasting   | 3 |  3.0
Throwing       | |  1.0
Dodging        | |  2.1
Air Magic      | |  0.1

Action                     |  1- 3 |  4- 6 || total
---------------------------+-------+-------++-------
  Melee: Mace              |   143 |    46 ||   189
         Headbutt          |       |     8 ||     8
  Throw: Boomerang         |     6 |       ||     6
   Cast: Blink             |       |     1 ||     1
  Evoke: Wand              |       |     1 ||     1
    Use: Potion            |     4 |       ||     4
   Stab: Sleeping          |     1 |       ||     1
 Armour: Robe              |    43 |    11 ||    54
  Dodge: Dodged            |    76 |    28 ||   104

Table legend: (Time is in decaauts)
 A = Elapsed time spent in this place.
 B = Non-inter-level travel time spent in this place.
 C = Inter-level travel time spent in this place.
 D = Time resting spent in this place.
 E = Time spent auto-exploring this place.
 F = Levels seen in this place.
 G = Mean time per level.
                   A        B        C        D        E       F      G
               +--------+--------+--------+--------+--------+-----+--------+
         Total |   2491 |   2416 |     75 |    122 |   1818 |   3 |  830.3 |
       Dungeon |   2491 |   2416 |     75 |    122 |   1818 |   3 |  830.3 |
               +--------+--------+--------+--------+--------+-----+--------+

Top non-repeatable levels by time:
     D:2: 1404 daAuts
     D:1: 924 daAuts
     D:3: 162 daAuts
